 Dungeon Crawl Stone Soup version 0.17.2 (webtiles) character file.

5418 Charly the Martial Artist (level 10, 0/47 HPs)
             Began as a Vine Stalker Monk on May 26, 2016.
             Was a Priest of Cheibriados.
             Slain by an ogre mage
             ... wielding a +2 whip of flaming
              (7 damage)
             ... in a volcano.
             The game lasted 00:30:30 (2072 turns).

Charly the Martial Artist (Vine Stalker Monk)       Turns: 2072, Time: 00:30:31

Health: 0/47       AC:  5    Str: 23    XL:     10   Next: 67%
Magic:  0/12       EV: 18    Int: 19    God:    Cheibriados [***...]
Gold:   352        SH:  0    Dex: 28    Spells: 0 memorised, 9 levels left

rFire  + . .     SeeInvis .       - Unarmed
rCold  + . .     Clarity  .     m - +0 leather armour {rC+}
rNeg   . . .     SustAt   .     (no shield)
rPois  .         Gourm    .     A - +1 helmet
rElec  .         Spirit   +     (no cloak)
rCorr  .         Warding  .     (no gloves)
rMut   .         Stasis   .     (no boots)
MR     +....                    (no amulet)
Stlth  +++.......               (no ring)
                                d - ring of protection from fire

@: very slow, somewhat resistant to hostile enchantments, fairly stealthy
A: fangs 3, agile 1, frail 1, regeneration 2, spit poison 1, magic shield,
antimagic bite, no device heal 3, rot immunity
a: Spit Poison, Bend Time, Temporal Distortion, Renounce Religion


You were in a volcano.
You worshipped Cheibriados.
Cheibriados was most pleased with you.
You were not hungry.

You visited 2 branches of the dungeon, and saw 16 of its levels.
You also visited: Volcano.

You collected 352 gold pieces.

Inventory:

Armour
 m - a +0 leather armour of cold resistance (worn)
 A - a +1 helmet (worn)
Jewellery
 d - a ring of protection from fire (left hand)
Scrolls
 k - 2 scrolls of fog {unknown}
 o - a scroll of magic mapping {unknown}
 q - a scroll of vulnerability {unknown}
 r - 2 scrolls of remove curse {unknown}
 u - a scroll of amnesia {unknown}
 v - 2 scrolls of enchant armour {unknown}
 w - a scroll of noise {unknown}
 x - a scroll of recharging {unknown}
 y - a scroll of blinking {unknown}
Potions
 c - a potion of lignification {unknown}
 l - a potion of curing
 n - a potion of invisibility {unknown}
 s - a potion of beneficial mutation {unknown}
 t - a potion of ambrosia {unknown}
 z - a potion of poison {unknown}
 B - a potion of cure mutation {unknown}
Comestibles
 b - 2 bread rations
 i - 4 meat rations


   Skills:
 - Level 6.5 Fighting
 + Level 6.2 Dodging
 - Level 2.4 Stealth
 + Level 12.5 Unarmed Combat
 + Level 1.6 Invocations


You had 9 spell levels left.
You didn't know any spells.

Dungeon Overview and Level Annotations

Branches:
Dungeon (10/15)            Temple (0/1) D:6            Lair (6/8) D:10
  Swamp: Lair:3-6    Shoals: Lair:3-6     Snake: Lair:3-6    Spider: Lair:3-6
  Slime: Lair:6-8       Orc: D:9-12

Altars:
Cheibriados
Kikubaaqudgha
Qazlal
Trog
Xom

Annotations:
D:7 Duvessa
Lair:4 2 exclusions


Innate Abilities, Weirdness & Mutations

You have razor-sharp teeth.
You heal very quickly.
When hurt, damage is shared between your health and your magic reserves.
Your bite disrupts and absorbs the magic of your enemies.
Potions and wands cannot restore your health.
You are immune to rotting.
You are agile. (Dex +2)
You are frail (-10% HP).
You can spit weak poison.


Message History

* * * LOW HITPOINT WARNING * * *
The hill giant burns you.
* * * LOW HITPOINT WARNING * * *
You punch the hill giant! You bite the hill giant. You drain its power.
You feel invigorated.
The hill giant is almost dead.
You hit the hill giant but do no damage.
You bite the hill giant! You drain its power.
You feel invigorated.
You kill the hill giant!
Cheibriados appreciates the change of pace.
Your Invocations skill increases to level 1!
Read which item? (? for menu, Esc to quit)
As you read the scroll labeled JEITZE HANLI, it crumbles to dust.
It is a scroll of enchant weapon.
You aren't carrying any weapons that can be enchanted.
You punch the ogre mage! Your punch misses the ogre mage.
Your bite misses the ogre mage.
The ogre mage is lightly wounded.
The ogre mage hits you with a whip of flaming!
You die...

## ###### .#######
.?$$# ..+$$?. #[!)
_.#[!)# ###8##
..###8### ##....##
..##....##
#......##O##......#
#.8..⌠.#@[[#.⌠..8.#
#.....)'.∩.').....#
##....##...##....##
########'#########
#.# #....#
##.#####...##
#8.8##......###
##...##..≈≈....##
#.......§§§.....#


You could see an ogre mage.

Vanquished Creatures
  The ghost of nublet the Arsonist, a journeyman CeFE of Vehumet (Volcano)
  2 hill giants (Volcano)
  A centaur zombie (D:10)
  A komodo dragon (Lair:5)
  A fire drake (Lair:3)
  A two-headed ogre (Volcano)
  A polar bear (Lair:4)
  A spriggan (D:7)
  A fire bat (Volcano)
  3 hippogriffs
  A fire elemental (Lair:3)
  Menkaure (D:7)
  A porcupine (Lair:1)
  2 sky beasts
  2 water moccasins
  2 ogres
  2 crocodiles
  5 giant frogs
  Dowan (D:7)
  2 crimson imps
  A giant frog zombie (D:10)
  A lava snake (Volcano)
  A jelly (D:6)
  A hound (D:4)
  3 iguanas
  A giant frog skeleton (D:6)
  A worker ant (D:7)
  An adder (D:2)
  A river rat (Lair:2)
  2 shadow imps (D:6)
  An adder skeleton (D:7)
  A giant gecko (D:7)
  5 orcs
  A giant cockroach (D:2)
  5 hobgoblins
  A quokka (D:5)
  2 giant newts
  A goblin (D:1)
  6 jackals (D:1)
  A kobold (D:2)
  A quokka zombie (D:6)
  2 rats
  A plant (D:10)
73 creatures vanquished.

Notes
Turn   | Place    | Note
--------------------------------------------------------------
     0 | D:1      | Charly the Vine Stalker Monk began the quest for the Orb.
     0 | D:1      | Reached XP level 1. HP: 11/11 MP: 2/2
    46 | D:1      | Reached XP level 2. HP: 11/16 MP: 3/3
   179 | D:2      | Reached XP level 3. HP: 10/19 MP: 2/4
   203 | D:2      | Found a stormy altar of Qazlal.
   277 | D:2      | Reached skill level 5 in Unarmed Combat
   382 | D:4      | Noticed an ogre
   393 | D:4      | Reached XP level 4. HP: 16/23 MP: 3/5
   400 | D:4      | Killed an ogre
   400 | D:4      | Reached skill level 6 in Unarmed Combat
   400 | D:4      | Reached XP level 5. HP: 21/27 MP: 6/6
   403 | D:5      | Entered Level 5 of the Dungeon
   403 | D:5      | Noticed a sky beast
   403 | D:5      | Noticed an ogre
   403 | D:5      | Noticed an ogre
   524 | D:6      | Reached skill level 7 in Unarmed Combat
   524 | D:6      | Gained mutation: You heal very quickly. [Vine Stalker growth]
   524 | D:6      | Reached XP level 6. HP: 8/32 MP: 7/7
   549 | D:6      | Found an ancient bone altar of Kikubaaqudgha.
   601 | D:6      | Found a staircase to the Ecumenical Temple.
   674 | D:6      | Found a snail-covered altar of Cheibriados.
   677 | D:6      | Became a worshipper of Cheibriados the Contemplative
   677 | D:6      | Reached * piety under Cheibriados
   677 | D:6      | Reached ** piety under Cheibriados
   726 | D:7      | Found a shimmering altar of Xom.
   756 | D:7      | Found a shimmering altar of Xom.
   756 | D:7      | Found a shimmering altar of Xom.
   758 | D:7      | Found a shimmering altar of Xom.
   762 | D:7      | Found a shimmering altar of Xom.
   791 | D:7      | Reached skill level 8 in Unarmed Combat
   798 | D:7      | Noticed Dowan
   804 | D:7      | Noticed Duvessa
   814 | D:7      | Killed Dowan
   814 | D:7      | Reached XP level 7. HP: 35/35 MP: 8/8
   948 | D:7      | Noticed Menkaure
   953 | D:7      | Killed Menkaure
  1044 | D:7      | Noticed a spriggan baker
  1070 | D:7      | Killed a spriggan baker
  1070 | D:7      | Reached skill level 9 in Unarmed Combat
  1119 | D:7      | Gained mutation: You have razor-sharp teeth. [Vine Stalker growth]
  1119 | D:7      | Reached XP level 8. HP: 33/39 MP: 9/9
  1123 | D:7      | Gained mutation: You can spit weak poison. [mutagenic meat]
  1124 | D:7      | Gained mutation: You are agile. (Dex +2) [mutagenic meat]
  1126 | D:7      | Gained mutation: You are frail (-10% HP). [mutagenic meat]
  1222 | D:8      | Found a bloodstained altar of Trog.
  1228 | D:8      | Reached skill level 10 in Unarmed Combat
  1259 | D:10     | Entered Level 10 of the Dungeon
  1278 | D:10     | Noticed a centaur zombie
  1292 | D:10     | Killed a centaur zombie
  1414 | D:10     | Found a staircase to the Lair.
  1459 | Lair:1   | Entered Level 1 of the Lair of Beasts
  1471 | Lair:1   | Reached skill level 11 in Unarmed Combat
  1518 | Lair:1   | Reached *** piety under Cheibriados
  1518 | Lair:1   | Reached XP level 9. HP: 36/39 MP: 10/10
  1602 | Lair:3   | Noticed a fire drake
  1606 | Lair:3   | Killed a fire drake
  1673 | Lair:5   | Noticed a komodo dragon
  1680 | Lair:5   | Killed a komodo dragon
  1680 | Lair:5   | Reached skill level 5 in Fighting
  1698 | Lair:4   | Noticed a komodo dragon
  1699 | Lair:4   | Noticed a komodo dragon
  1699 | Lair:4   | Noticed a komodo dragon
  1730 | Lair:6   | Noticed a spiny frog
  1882 | Lair:4   | Reached skill level 5 in Dodging
  1893 | Lair:4   | Reached XP level 10. HP: 32/45 MP: 9/11
  1906 | Lair:4   | Found a dark tunnel.
  1913 | Volcano  | Entered a volcano
  1929 | Volcano  | Noticed nublet's ghost (journeyman CeFE)
  1943 | Volcano  | Killed nublet's ghost
  1943 | Volcano  | Reached skill level 12 in Unarmed Combat
  1986 | Volcano  | Noticed a hill giant
  1992 | Volcano  | Killed a hill giant
  2059 | Volcano  | Found a radiant altar of Vehumet.
  2059 | Volcano  | Noticed an ogre mage
  2064 | Volcano  | Noticed a hill giant
  2069 | Volcano  | Killed a hill giant
  2069 | Volcano  | Reached skill level 1 in Invocations
  2072 | Volcano  | Slain by an ogre mage

Action                   |  1- 3 |  4- 6 |  7- 9 | 10-12 || total
-------------------------+-------+-------+-------+-------++-------
Melee: Unarmed           |    67 |    76 |   134 |    34 ||   311
  Use: Scroll            |       |     3 |     1 |     1 ||     5
       Potion            |       |       |       |     1 ||     1
 Stab: Sleeping          |     1 |     3 |     6 |       ||    10
  Eat: Pizza             |       |     1 |       |       ||     1
       Chunk             |       |       |     5 |       ||     5
       Fruit             |       |       |     5 |       ||     5
